 Dungeon Crawl Stone Soup version 0.21-a0-229-g3587535 (webtiles) character file.

145579 motkuripp the Lord of Darkness (level 16, -8/118 HPs)
             Began as a Demonspawn Necromancer on Sept 1, 2017.
             Was the Champion of Kikubaaqudgha.
             Killed by Shatter
             ... invoked by Jorgrun
              (38 damage)
             ... on level 3 of the Swamp.
             The game lasted 01:50:45 (26458 turns).

motkuripp the Lord of Darkness (DsNe)              Turns: 26458, Time: 01:50:46

Health: -8/118     AC: 18    Str: 17    XL:     16   Next: 87%
Magic:  14/28      EV: 21    Int: 21    God:    Kikubaaqudgha [******]
Gold:   565        SH: 13    Dex: 15    Spells: 8/31 levels left

rFire    . . .     SeeInvis +   i - +1 scimitar "Cyibaewid" {flame, rElec MR++}
rCold    + + .     Gourm    .   C - +0 shield {AC+3}
rNeg     . . .     Faith    .   n - +2 robe
rPois    +         Spirit   .   N - +2 hat
rElec    +         Reflect  .   T - +1 cloak {rC+}
rCorr    .         Harm     .   p - +1 pair of gloves {Str+3}
MR       +++..                  J - +1 pair of boots of Joetz {Regen+}
Stlth    +++++.....             l - amulet "Jeffiro" {rPois rC+ Regen+ Int+4 Stlth+}
HPRegen  1.09/turn              a - ring of see invisible
MPRegen  0.21/turn              X - ring of Yrphaot {rElec rPois EV+6 Stlth+}

@: no status effects
A: horns 2, rugged brown scales 3, nightstalker 1, powered by death 3
a: Receive Corpses, Torment, Brand Weapon With Pain, Receive Necronomicon,
Renounce Religion


You were on level 3 of the Swamp.
You worshipped Kikubaaqudgha.
Kikubaaqudgha was exalted by your worship.
You were not hungry.

You visited 4 branches of the dungeon, and saw 24 of its levels.
You also visited: Labyrinth and Ice Cave.

You collected 2791 gold pieces.
You spent 2226 gold pieces at shops.

Inventory:

Hand Weapons
 i - the +1 scimitar "Cyibaewid" (weapon) {flame, rElec MR++}
   (You bought it in a shop on level 2 of the Orcish Mines)

   It has been specially enchanted to burn those struck by it, causing extra
   injury to most foes and up to half again as much damage against particularly
   susceptible opponents.
   Big, fiery blades are also staple armaments of hydra-hunters.
   It insulates you from electricity.
   It affects your resistance to hostile enchantments.
 U - a +2 dagger of venom
Armour
 n - a +2 robe (worn)
 p - a +1 pair of gloves of strength (worn)
 C - a +0 shield of protection (worn)
 J - the +1 pair of boots of Joetz (worn) {Regen+}
   (You acquired it on level 4 of the Lair of Beasts)

   It increases your rate of regeneration.
 N - a +2 hat (worn)
 P - a +0 cloak of magic resistance
 T - a +1 cloak of cold resistance (worn)
Jewellery
 a - a ring of see invisible (left hand)
 d - an uncursed ring of magical power
 l - the amulet "Jeffiro" (around neck) {rPois rC+ Regen+ Int+4 Stlth+}
   (You bought it in a shop on level 9 of the Dungeon)

   [amulet of regeneration]

   It affects your intelligence (+4).
   It protects you from cold.
   It protects you from poison.
   It increases your rate of regeneration.
   It makes you more stealthy.
 o - an uncursed ring of protection from fire
 x - an uncursed ring of protection from magic
 X - the ring of Yrphaot (right hand) {rElec rPois EV+6 Stlth+}
   (You found it on level 5 of the Lair of Beasts)

   [ring of evasion]

   It affects your evasion (+6).
   It insulates you from electricity.
   It protects you from poison.
   It makes you more stealthy.
Wands
 b - a wand of iceblast (2/15)
 Y - a wand of iceblast (6/15)
Scrolls
 e - a scroll of holy word {unknown}
 h - 8 scrolls of remove curse
 j - 4 scrolls of recharging
 m - a scroll of fear
 q - a scroll of magic mapping
 s - 3 scrolls of enchant weapon
 y - 2 scrolls of enchant armour
 z - 3 scrolls of summoning
 A - 5 scrolls of amnesia
 F - 2 scrolls of fog
 I - 5 scrolls of teleportation
 Q - a scroll of brand weapon
Potions
 g - a potion of heal wounds
 r - 3 potions of haste
 t - 2 potions of agility
 u - 7 potions of curing
 v - 2 potions of berserk rage
 D - 2 potions of magic
 E - 5 potions of might
 G - 2 potions of invisibility
 L - 2 potions of brilliance
 M - 3 potions of mutation
 O - 2 potions of cancellation
 R - a potion of resistance
 W - a potion of ambrosia
Books
 f - a book of the Sky

   Spells                             Type                      Level
   a - Summon Lightning Spire         Summoning/Air                4
   b - Silence                        Hexes/Air                    5
   c - Deflect Missiles               Charms/Air                   6
   d - Conjure Ball Lightning         Conjuration/Air              6
   e - Tornado                        Air                          9
 w - a book of Ice

   Spells                             Type                      Level
   a - Ice Form                       Ice/Transmutation            4
   b - Metabolic Englaciation         Hexes/Ice                    5
   c - Ozocubu's Refrigeration        Ice                          6
   d - Bolt of Cold                   Conjuration/Ice              6
   e - Freezing Cloud                 Conjuration/Ice/Air          6
   f - Simulacrum                     Ice/Necromancy               6
 B - a book of Air

   Spells                             Type                      Level
   a - Shock                          Conjuration/Air              1
   b - Swiftness                      Charms/Air                   2
   c - Static Discharge               Conjuration/Air              3
   d - Airstrike                      Air                          4
   e - Lightning Bolt                 Conjuration/Air              5
 K - a book of Battle

   Spells                             Type                      Level
   a - Infusion                       Charms                       1
   b - Shroud of Golubria             Charms/Translocation         2
   c - Song of Slaying                Charms                       2
   d - Spectral Weapon                Hexes/Charms                 3
   e - Regeneration                   Charms/Necromancy            3
 S - the Almanac of Evil Fire
   (You found it in a labyrinth)

   Spells                             Type                      Level
   a - Flame Tongue                   Conjuration/Fire             1
   b - Conjure Flame                  Conjuration/Fire             3
   c - Fireball                       Conjuration/Fire             5
   d - Agony                          Necromancy                   5
   e - Cigotuvi's Embrace             Necromancy                   5
Miscellaneous
 V - a lamp of fire (inert)
Comestibles
 c - 10 bread rations
 k - 17 meat rations


   Skills:
 + Level 6.1 Fighting
 - Level 8.2(10.4) Short Blades
 * Level 10.1(11.2) Long Blades
 - Level 6.0 Dodging
 - Level 2.5 Stealth
 - Level 14.1 Shields
 - Level 8.1 Spellcasting
 - Level 15.0 Necromancy
 - Level 9.1 Ice Magic


You had 8 spell levels left.
You knew the following spells:

 Your Spells              Type           Power        Failure   Level  Hunger
a - Control Undead        Necr           ######....   1%          4    ###....
b - Animate Dead          Necr           N/A          1%          4    ###....
c - Animate Skeleton      Necr           N/A          1%          1    None
d - Simulacrum            Ice/Necr       ######....   9%          6    ######.
k - Agony                 Necr           ######..     1%          5    #####..
v - Vampiric Draining     Necr           ######....   1%          3    None


Dungeon Overview and Level Annotations

Branches:
Dungeon (13/15)            Temple (0/1) D:7            Lair (6/6) D:10
  Swamp (3/4) Lair:2       Spider (0/4) Lair:3        Slime (0/5) Lair:5
    Orc (2/2) D:9             Elf (0/3) Orc:2
 Vaults: D:13-14

Altars:
Ashenzari
Elyvilon
Gozag
Hepliaklqana
Kikubaaqudgha
Makhleb
Nemelex Xobeh
Ru
Trog
Wu Jian
Beogh

Shops:
D:6 (   D:8 }   D:9 [[:=(   Orc:2 (!(:

Portals:
Trove: D:12 (give +3 storm dragon scales)

Annotations:
D:4 p0werm0de's ghost, weakling DsFi
D:8 exclusion: downstairs
D:9 exclusion: downstairs
Swamp:3 exclusion: Roxanne, Jorgrun; Roxanne


Innate Abilities, Weirdness & Mutations

You have a pair of horns on your head.
You are completely covered in rugged brown scales. (AC +3, +7% HP)
You are slightly more attuned to the shadows.
You regenerate a lot of health from kills.


Message History

Aim: Jorgrun, wielding a quarterstaff of crushing and wearing a robe (moderately wounded, slightly transparent) Jorgrun is heavily wounded.
You feel life coursing into your body.
Jorgrun mumbles some strange words.
The dungeon rumbles around Jorgrun!
You shudder from the earth-shattering force.
* * * LOW HITPOINT WARNING * * *
Ka-crash!
Casting: Vampiric Draining
Confirm with . or Enter, or press ? or * to list all spells.
Aiming: Vampiric Draining
Press: ? - help, Shift-Dir - straight line, f/p - Jorgrun
Aim: Jorgrun, wielding a quarterstaff of crushing and wearing a robe (heavily wounded, slightly transparent) Jorgrun is heavily wounded.
You feel life coursing into your body.
Jorgrun mumbles some strange words.
The dungeon rumbles around Jorgrun!
You shudder from the earth-shattering force.
You die...
Kikubaaqudgha rasps: "You have failed me!
Welcome... death!"

..♣♣♣♣≈≈♣♣♣♣♣♣≈<≈≈≈≈≈≈...♣ ♣.≈≈≈
♣..♣♣..≈§♣♣♣♣♣♣≈≈≈≈≈≈≈.≈≈♣ ♣.≈≈≈
♣♣(.....≈≈.≈♣♣♣♣≈..≈≈≈≈♣♣♣ ♣♣≈≈≈≈
*♣♣♣....≈.....≈≈≈≈♣.....♣ ♣≈≈≈≈≈
≈,≈♣♣♣♣≈≈.≈≈≈.≈...≈.≈.♣♣♣♣♣♣..≈≈♣
*≈≈≈**♣≈.≈≈≈≈..≈§..≈≈.♣ ♣♣≈♣...♣≈
,,,,>...≈≈≈≈....≈.≈≈≈.♣♣♣≈.≈..♣≈≈
,,,≈≈≈.≈≈≈≈≈..≈≈.≈≈≈♣♣♣♣.≈≈...≈≈≈
≈,,≈≈≈≈≈≈≈≈≈..≈≈@.♣ ♣...≈≈≈.≈♣≈≈
≈,,......≈≈≈≈≈♣≈g≈♣♣♣♣Z≈≈≈.♣♣..♣Z
,≈≈≈,,...≈.....≈≈≈♣≈≈♣.≈≈≈......♣
≈≈≈≈≈≈≈♣♣♣≈≈≈≈≈......≈♣≈≈≈...≈≈≈≈
≈≈≈,,,** ♣≈≈≈≈≈≈≈.≈≈≈.♣♣≈..≈.≈≈≈≈
≈≈≈**** ♣≈≈≈≈≈≈≈.≈≈≈.♣♣♣♣≈..≈≈≈≈
≈≈,,* ≈♣.≈≈≈.≈≈≈≈♣♣ ♣♣♣.≈≈≈≈
,,,,**♣♣* ♣♣.≈.♣♣♣ ♣≈.≈≈≈≈≈
,,8,*≈..♣♣♣ ♣♣♣♣♣ ♣♣♣♣(≈≈≈...


You could see Jorgrun (invisible).

Vanquished Creatures
  An Ice Fiend (IceCv)
  Gastronok (D:9)
  Kirke (D:13)
  Louise (Swamp:1)
  An ettin (Orc:1)
  A minotaur (Lab)
  Erolcha (D:10)
  6 hydras
  6 two-headed ogres
  17 death yaks
  3 alligators
  2 ogre magi (Orc:2)
  An orc high priest (Orc:2)
  A fire crab (Lair:6)
  7 slime creatures
  A deep troll (Orc:2)
  A spriggan druid (Swamp:3)
  A shambling mangrove (Swamp:2)
  2 swamp dragons (Swamp:1)
  An orc knight (Orc:1)
  2 ugly things (D:11)
  2 wolf spiders
  2 orc sorcerers (Orc:1)
  2 cyclopes (Orc:2)
  3 elephants (Lair:3)
  5 black mambas
  A guardian serpent (Lair:6)
  7 gargoyles
  A kobold demonologist (D:11)
  15 spiny frogs
  7 komodo dragons
  A freezing wraith (IceCv)
  A rime drake (Lair:5)
  A golden dragon simulacrum (IceCv)
  4 ice devils (IceCv)
  3 anaconda simulacra (IceCv)
  9 polar bears
  A tyrant leech (Swamp:2)
  15 trolls
  5 hornets
  9 hippogriffs
  9 dream sheep
  2 bog bodies (Swamp:1)
  2 redbacks (Lair:6)
  A shadow (Swamp:3)
  10 wyverns
  47 yaks
  3 dire elephant simulacra (IceCv)
  A wraith (D:13)
  5 basilisks
  4 hogs (D:7)
  Grum (D:11)
  A human (D:7)
  A death yak simulacrum (IceCv)
  4 vampire mosquitoes
  3 wargs
  An insubstantial wisp (Swamp:1)
  5 harpy simulacra (IceCv)
  6 swamp worms
  An acid dragon (D:11)
  2 hydra simulacra (IceCv)
  2 iron troll simulacra (IceCv)
  16 water moccasins
  10 hell hounds (Lair:6)
  Duvessa (D:4)
  9 orc warriors
  9 porcupines
  A swamp drake (Swamp:1)
  4 sky beasts
  7 black bears
  Purgy (D:4)
  4 ice beasts
  A necrophage (D:13)
  A phantom (D:9)
  3 eyes of draining
  13 ogres
  10 wolves
  4 centaurs
  11 crocodiles
  3 big kobolds
  9 bullfrogs
  A wyvern zombie (D:8)
  A gnoll sergeant (D:6)
  Dowan (D:4)
  3 scorpions
  4 killer bees (D:9)
  6 wights
  A howler monkey (D:13)
  4 lava snakes (Lab)
  2 crimson imps
  A centaur zombie (D:12)
  2 draconian simulacra (IceCv)
  6 hounds
  4 orc priests
  2 centaur skeletons
  7 jellies
  2 bullfrog skeletons
  6 iguanas
  11 orc wizards
  12 worker ants
  2 polar bear simulacra (IceCv)
  2 spriggan simulacra (IceCv)
  3 troll simulacra (IceCv)
  A killer bee zombie (D:8)
  2 centaur simulacra (IceCv)
  2 hound skeletons
  3 gnolls (D:2)
  A naga simulacrum (IceCv)
  5 adders
  3 ogre simulacra (IceCv)
  4 shadow imps
  A white imp (IceCv)
  3 ufetubi (IceCv)
  5 oozes
  An adder zombie (D:9)
  A worm (D:2)
  A dart slug (D:3)
  A leopard gecko (D:3)
  51 orcs
  2 ball pythons
  8 bats
  2 giant cockroaches
  6 goblins
  2 hobgoblins
  A jackal (D:4)
  27 kobolds
  5 quokkas
  3 frilled lizards
  A quokka skeleton (D:8)
  2 rats (D:2)
  A fungus (Lair:6)
608 creatures vanquished.

Vanquished Creatures (collateral kills)
  A thorn hunter (Swamp:2)
  An ettin (Orc:2)
  2 hydras
  5 alligators
  A ghost crab (Swamp:2)
  4 two-headed ogres (Orc:2)
  A death yak (Lair:6)
  A deep troll (Orc:2)
  A shambling mangrove (Swamp:2)
  An orb spider (Lair:3)
  2 ice statues
  4 black mambas (Lair:6)
  2 gargoyles (Lab)
  10 spiny frogs
  A komodo dragon (Lair:2)
  2 freezing wraiths (IceCv)
  2 ice devils (IceCv)
  A rime drake (Lair:3)
  An anaconda simulacrum (IceCv)
  5 trolls
  3 polar bears (Lair:6)
  A tyrant leech (Swamp:3)
  6 hornets
  3 blink frogs (Lair:3)
  2 raiju (Lair:6)
  2 bog bodies
  6 slime creatures
  5 dream sheep (Lair:6)
  A redback (Lair:6)
  3 spriggans
  A dire elephant simulacrum (IceCv)
  8 yaks
  3 wyverns (Lair:6)
  A basilisk (Lair:2)
  A hungry ghost (D:8)
  7 vampire mosquitoes
  3 wargs (Lair:6)
  9 insubstantial wisps
  2 swamp worms
  A hydra simulacrum (IceCv)
  4 water moccasins (Lair:6)
  5 hell hounds (Lair:6)
  4 orc warriors
  2 porcupines (Lair:3)
  A phantom (D:6)
  2 swamp drakes
  5 black bears (Lair:6)
  A necrophage (D:10)
  An ice beast (D:12)
  11 ogres (Orc:2)
  3 wolves (Lair:6)
  5 crocodiles
  A bullfrog (Lair:3)
  4 wights
  A howler monkey (D:13)
  A crimson imp (D:10)
  A hound (D:4)
  A bullfrog skeleton (D:4)
  An iguana (Lair:2)
  8 orc wizards
  A worker ant zombie (D:9)
  A howler monkey skeleton (D:4)
  3 white imps (IceCv)
  6 ufetubi (IceCv)
  An ooze (D:4)
  A leopard gecko (D:1)
  5 orcs
  3 kobolds
  A bush (Lair:6)
  6 fungi
  13 plants
219 creatures vanquished.

Vanquished Creatures (others)
  Sonja (Orc:2)
  A spriggan (Swamp:2)
  2 humans (D:13)
  2 wolves (Lair:6)
  A centaur (D:12)
  An orc wizard (Orc:1)
  A quokka (D:9)
  3 kobolds (D:13)
  10 fungi
  31 plants
53 creatures vanquished.

Grand Total: 880 creatures vanquished

Notes
Turn   | Place    | Note
-------+----------+-------------------------------------------
     0 | D:1      | motkuripp the Demonspawn Necromancer began the quest for the Orb.
     0 | D:1      | Reached XP level 1. HP: 13/13 MP: 3/3
     2 | D:1      | Learned a level 1 spell: Animate Skeleton
   394 | D:1      | Gained mutation: You regenerate a little health from kills. [demonic ancestry]
   394 | D:1      | Reached XP level 2. HP: 7/19 MP: 3/5
   848 | D:1      | Reached skill level 5 in Necromancy
  1693 | D:2      | Reached XP level 3. HP: 24/24 MP: 6/6
  1808 | D:2      | Found a shattered altar of Ashenzari.
  1860 | D:2      | Learned a level 3 spell: Vampiric Draining
  2113 | D:2      | Gained mutation: You are partially covered in rugged brown scales. (AC +1, +3% HP) [demonic ancestry]
  2113 | D:2      | Reached XP level 4. HP: 24/30 MP: 7/7
  2525 | D:3      | Reached skill level 6 in Necromancy
  2849 | D:3      | Found an ancient bone altar of Kikubaaqudgha.
  2858 | D:3      | Became a worshipper of Kikubaaqudgha
  3046 | D:3      | Found a burning altar of Makhleb.
  3046 | D:3      | Noticed a balrug
  3212 | D:4      | Gained mutation: You are slightly more attuned to the shadows. [demonic ancestry]
  3212 | D:4      | Reached XP level 5. HP: 35/36 MP: 8/8
  3213 | D:4      | Noticed p0werm0de's ghost (weakling DsFi)
  3253 | D:5      | Entered Level 5 of the Dungeon
  3276 | D:4      | Noticed Dowan
  3279 | D:4      | Noticed Duvessa
  3290 | D:4      | Killed Duvessa
  3299 | D:4      | Killed Dowan
  3299 | D:4      | Reached skill level 7 in Necromancy
  3299 | D:4      | Reached XP level 6. HP: 29/42 MP: 0/11
  3499 | D:4      | Learned a level 4 spell: Control Undead
  3563 | D:4      | Found an ornate altar of the Wu Jian Council.
  3622 | D:4      | Noticed Purgy
  3631 | D:4      | Killed Purgy
  3631 | D:4      | Reached skill level 1 in Fighting
  3901 | D:4      | Got a dull robe
  3912 | D:4      | Identified the +0 robe of the Bard {Dex+3} (You found it on level 4 of the Dungeon)
  3998 | D:4      | Gained mutation: You are mostly covered in rugged brown scales. (AC +2, +5% HP) [demonic ancestry]
  3998 | D:4      | Reached XP level 7. HP: 39/53 MP: 13/13
  4232 | D:5      | Reached skill level 1 in Short Blades
  4375 | D:5      | Noticed a hippogriff
  4389 | D:5      | Killed a hippogriff
  4625 | D:5      | Gained mutation: You regenerate health from kills. [demonic ancestry]
  4625 | D:5      | Reached XP level 8. HP: 59/63 MP: 14/14
  4899 | D:6      | Found Saolaloq's Antique Weapon Shop.
  5003 | D:6      | Reached * piety under Kikubaaqudgha
  5003 | D:6      | Identified Kikubaaqudgha's Incunabulum of Black Rites (Kikubaaqudgha gifted it to you on level 6 of the Dungeon)
  5003 | D:6      | Received a gift from Kikubaaqudgha
  5409 | D:6      | You fall through a shaft!
  5492 | D:7      | Found a staircase to the Ecumenical Temple.
  5511 | D:7      | Found a sparkling altar of Nemelex Xobeh.
  5579 | D:7      | Got a scorched shield
  5585 | D:7      | Identified the cursed -2 shield of Dawn {Regen+} (You found it on level 7 of the Dungeon)
  5782 | D:7      | Found a hazy altar of Hepliaklqana.
  6070 | D:7      | Reached skill level 5 in Short Blades
  6098 | D:7      | Reached XP level 9. HP: 61/68 MP: 15/15
  6396 | D:7      | Reached skill level 5 in Dodging
  6700 | D:8      | Reached skill level 8 in Necromancy
  6708 | D:8      | Learned a level 4 spell: Animate Dead
  6890 | D:8      | Found Lejeiri's Gadget Emporium.
  6981 | D:8      | Reached ** piety under Kikubaaqudgha
  7336 | D:9      | Found Saadd's Armour Shoppe.
  7336 | D:9      | Found Aroin's Book Shoppe.
  7464 | D:9      | Found a white marble altar of Elyvilon.
  7474 | D:9      | Noticed a two-headed ogre
  7509 | D:9      | Noticed a troll
  7651 | D:9      | Killed a troll
  7651 | D:9      | Reached skill level 5 in Fighting
  7651 | D:9      | Reached skill level 1 in Shields
  7734 | D:9      | Found a sacrificial altar of Ru.
  7902 | D:9      | Found Wiwyri's Armour Shop.
  7909 | D:9      | Bought a +1 cloak of poison resistance for 162 gold pieces
  7909 | D:9      | Bought a +1 pair of gloves of strength for 198 gold pieces
  7952 | D:9      | Bought a +0 shield of protection for 161 gold pieces
  8073 | D:9      | Found Poxodoor's Jewellery Shop.
  8095 | D:9      | Found Foelir's Antique Weapon Emporium.
  8163 | D:9      | Gained mutation: You have a pair of small horns on your head. [demonic ancestry]
  8163 | D:9      | Reached XP level 10. HP: 50/77 MP: 16/16
  8353 | D:9      | Noticed Gastronok
  8372 | D:9      | Killed Gastronok
  8372 | D:9      | Reached skill level 5 in Shields
  8498 | D:9      | Found a staircase to the Orcish Mines.
  8706 | D:9      | Reached *** piety under Kikubaaqudgha
  8706 | D:9      | Identified Kikubaaqudgha's Catalogue of Evil (Kikubaaqudgha gifted it to you on level 9 of the Dungeon)
  8706 | D:9      | Received a gift from Kikubaaqudgha
  8847 | D:10     | Entered Level 10 of the Dungeon
  8994 | D:10     | Noticed a gargoyle
  9092 | Orc:1    | Entered Level 1 of the Orcish Mines
  9092 | Orc:1    | Noticed an orc sorcerer
  9310 | D:10     | Noticed Erolcha
  9394 | D:10     | Reached skill level 5 in Spellcasting
  9420 | D:10     | Found a staircase to the Lair.
  9527 | Lair:1   | Entered Level 1 of the Lair of Beasts
  9537 | Lair:1   | Got a heavily runed leather armour
  9552 | Lair:1   | Identified the cursed +0 leather armour "Xodasym" {rPois Str+4 Int-3 Stlth+} (You found it on level 1 of the Lair of Beasts)
  9922 | Lair:1   | Reached XP level 11. HP: 82/82 MP: 19/19
 10476 | Lair:1   | Learned a level 5 spell: Agony
 10765 | Lair:2   | Found a staircase to the Swamp.
 10766 | Lair:2   | Noticed a seven-headed hydra
 10781 | Lair:2   | Killed a seven-headed hydra
 10912 | Lair:2   | Reached **** piety under Kikubaaqudgha
 11026 | Lair:2   | Noticed a seven-headed hydra
 11034 | Lair:2   | Killed a seven-headed hydra
 11034 | Lair:2   | Reached skill level 10 in Shields
 11438 | Lair:3   | Noticed an eight-headed hydra
 11494 | Lair:3   | Killed an eight-headed hydra
 11666 | Lair:3   | Gained mutation: You are completely covered in rugged brown scales. (AC +3, +7% HP) [demonic ancestry]
 11666 | Lair:3   | Reached XP level 12. HP: 74/92 MP: 16/21
 12020 | Lair:3   | Learned a level 6 spell: Simulacrum
 12290 | Lair:3   | Reached ***** piety under Kikubaaqudgha
 12402 | Lair:3   | Found a hole to the Spider Nest.
 12870 | Lair:4   | Identified a scroll of acquirement
 12873 | Lair:4   | Got a pair of polished boots
 12879 | Lair:4   | Identified the +1 pair of boots of Joetz {Regen+} (You acquired it on level 4 of the Lair of Beasts)
 13325 | Lair:4   | You fall through a shaft for 2 floors!
 13325 | Lair:6   | Entered Level 6 of the Lair of Beasts
 13587 | Lair:6   | Noticed a death yak
 13587 | Lair:6   | Noticed a death yak
 13587 | Lair:6   | Noticed a death yak
 13587 | Lair:6   | Noticed a death yak
 13588 | Lair:6   | Noticed a death yak
 13589 | Lair:6   | Noticed a death yak
 13605 | Lair:6   | Noticed a death yak
 13606 | Lair:6   | Noticed a death yak
 13607 | Lair:6   | Noticed a death yak
 13608 | Lair:6   | Noticed a death yak
 13609 | Lair:6   | Noticed a death yak
 13611 | Lair:6   | Noticed a death yak
 14024 | Lair:5   | Got a bound steel ring
 14101 | Lair:5   | Noticed a death yak
 14101 | Lair:5   | Noticed a death yak
 14104 | Lair:5   | Noticed a death yak
 14112 | Lair:5   | Noticed a death yak
 14113 | Lair:5   | Noticed a death yak
 14115 | Lair:5   | Noticed a death yak
 14124 | Lair:5   | Killed a death yak
 14168 | Lair:5   | Killed a death yak
 14173 | Lair:5   | Killed a death yak
 14202 | Lair:5   | Killed a death yak
 14229 | Lair:5   | Killed a death yak
 14241 | Lair:5   | Killed a death yak
 14241 | Lair:5   | Reached skill level 1 in Ice Magic
 14402 | Lair:5   | Found a staircase to the Slime Pits.
 14520 | Lair:5   | Noticed a four-headed hydra
 14530 | Lair:5   | Killed a four-headed hydra
 14530 | Lair:5   | Reached XP level 13. HP: 96/97 MP: 8/22
 14540 | Lair:5   | Identified the ring of Yrphaot {rElec rPois EV+6 Stlth+} (You found it on level 5 of the Lair of Beasts)
 15078 | D:9      | Bought a +0 cloak of magic resistance for 161 gold pieces
 15621 | Orc:1    | Reached skill level 5 in Ice Magic
 15980 | Orc:2    | Entered Level 2 of the Orcish Mines
 16011 | Orc:2    | Found a staircase to the Elven Halls.
 16026 | Orc:2    | Noticed Sonja
 16037 | Orc:2    | Killed Sonja
 16071 | Orc:2    | Found Kunnelusm's Book Emporium.
 16076 | Orc:2    | Noticed an ettin
 16204 | Orc:1    | Reached skill level 9 in Necromancy
 16274 | Orc:1    | Killed an ettin
 16466 | Orc:2    | Noticed an ettin
 16476 | Orc:2    | Killed an ettin
 16480 | Orc:2    | Reached skill level 10 in Necromancy
 16623 | Orc:2    | Reached ****** piety under Kikubaaqudgha
 16659 | Orc:2    | Found Far Cysyg's Weapon Shop.
 16660 | Orc:2    | Found Nexi's Distillery.
 16664 | Orc:2    | Found Jeimyar's Weapon Shop.
 16706 | Orc:2    | Reached skill level 11 in Necromancy
 16736 | Orc:2    | Bought a potion of curing for 51 gold pieces
 16913 | Orc:2    | Found a roughly hewn altar of Beogh.
 17599 | Lair:6   | Gained mutation: You have a pair of horns on your head. [demonic ancestry]
 17599 | Lair:6   | Reached XP level 14. HP: 71/104 MP: 23/23
 17636 | Lair:6   | Reached skill level 12 in Necromancy
 18193 | Lair:6   | Reached skill level 13 in Necromancy
 18874 | Lair:6   | Reached skill level 14 in Necromancy
 19607 | D:10     | Killed Erolcha
 20030 | Orc:2    | Bought the +1 scimitar "Cyibaewid" {flame, rElec MR++} for 484 gold pieces
 20425 | D:11     | Found a labyrinth entrance.
 20434 | Lab      | Entered a labyrinth
 20618 | Lab      | Reached skill level 1 in Long Blades
 21040 | Lab      | HP: 1/104 [minotaur/battleaxe (36)]
 21258 | Lab      | Identified the Almanac of Evil Fire
 21400 | D:11     | Noticed Grum
 21410 | D:11     | Killed Grum
 21539 | D:11     | Reached XP level 15. HP: 110/110 MP: 24/24
 22205 | D:12     | Reached skill level 15 in Necromancy
 22263 | D:12     | Found a portal to a secret trove of treasure.
 22483 | D:12     | Found a bloodstained altar of Trog.
 22874 | D:13     | Noticed Kirke
 22896 | D:13     | Killed Kirke
 22896 | D:13     | Reached skill level 5 in Long Blades
 23230 | D:9      | Bought the amulet "Jeffiro" {rPois rC+ Regen+ Int+4 Stlth+} for 1009 gold pieces
 23438 | Swamp:1  | Entered Level 1 of the Swamp
 24098 | Swamp:1  | Noticed Louise
 24151 | Swamp:1  | Killed Louise
 24668 | Swamp:2  | Noticed a thorn hunter
 24675 | Swamp:2  | Killed a thorn hunter
 24959 | Swamp:2  | Gained mutation: You regenerate a lot of health from kills. [demonic ancestry]
 24959 | Swamp:2  | Reached XP level 16. HP: 118/118 MP: 28/28
 25265 | Swamp:3  | Found a frozen archway.
 25329 | IceCv    | Entered an ice cave
 25935 | IceCv    | Noticed an Ice Fiend
 25962 | IceCv    | Killed an Ice Fiend
 25975 | IceCv    | Identified the Reference Book on Toxins and Enchantment
 26115 | Swamp:3  | HP: 3/118 [spriggan rider/spear of flaming (5)]
 26167 | Swamp:3  | Reached skill level 10 in Long Blades
 26209 | Swamp:3  | Noticed Roxanne
 26387 | Swamp:3  | Found an opulent altar of Gozag.
 26434 | Swamp:3  | Noticed Jorgrun
 26458 | Swamp:3  | Killed from afar by Jorgrun

Vault maps used:
D:1:      dpeg_arrival_windows_large_door, wad_floor_pattern_untrapped
D:2:      overflow_temple_1_default, first_bread
D:3:      makhleb_altar_promises_db, kiku_gazebo_garden_becter
D:4:      kennysheep_big_flooded_room, overflow_temple_1_default,
          interstate_on_off, uniq_duvessa, uniq_purgy
D:6:      nicolae_tso_swordbearing_angel, serial_shops, kennysheep_mini_moat,
          minivault_22, nzn_random_ring, uniq_blork_the_orc
D:7:      old_standard_altar, old_standard_altar,
          minmay_temple_entry_large_hall, grunt_decor_arrowhead,
          grunt_livestock, minmay_misc_feat_encased
D:8:      serial_shops, shop
D:9:      elyvilon_altar_4, old_standard_altar, orc_0_dummy, serial_shops, shop,
          nicolae_shop_stone, shop, nicolae_shop_crystal, shop, uniq_gastronok
D:10:     david_lair_shrubbed, uniq_erolcha
D:11:     lab_entry_generic, glass_columns_a, uniq_grum
D:12:     enter_trove_2, trog_ov_bears_minmay
D:13:     grunt_vaults_entry_fortified, uniq_kirke
Lair:2:   minmay_swamp_entry_reptiles
Lair:3:   nicolae_spider_entry_orb_guardian, beast_lair_carwin_1
Lair:4:   grunt_megastairs_1
Lair:5:   nicolae_slime_entry_slimehenge, hibernation_bobbens,
          grunt_megastairs_3, lemuel_fruit_tree
Lair:6:   hangedman_lair_tendril_chambers, hangedman_lair_caniforms_friends,
          serial_bayou_shore_b
Swamp:1:  hangedman_swamp_cone, swamp_pool3, lightli_tree_ring, uniq_louise
Swamp:2:  evilmike_swamp_ruin_house_2, swamp_pool4
Swamp:3:  portal_ice_cave_entry_ice_statue_one, nicolae_swamp_godswood,
          swamp_pool1, infiniplex_staircase_pool, uniq_roxanne, uniq_jorgrun
Orc:1:    nicolae_volcano_entry_two_sided
Orc:2:    st_orc_open, basic_altar, uniq_sonja
Lab:      nicolae_lab_dead_adventurers, nicolae_lab_dead_end, nicolae_lab_swirl,
          labyrinth_lava_lair, nicolae_lab_grate_2, lab_statue,
          nicolae_lab_blocks, labyrinth_glass_1, nicolae_lab_t_cross,
          labyrinth_skeletal_remains, nicolae_lab_stuck
IceCv:    ice_cave_caverns_01

Skill      XL: |  1  2  3  4  5  6  7  8  9 10 11 12 13 14 15 16 |
---------------+-------------------------------------------------+-----
Necromancy     | 5 6 7 8 11 14 15 | 15.0
Stealth        | 2 |  2.5
Spellcasting   | 3 4 5 6 8 |  8.1
Fighting       | 2 3 4 5 6 |  6.1
Dodging        | 2 3 4 6 |  6.0
Short Blades   | 3 5 7 8 |  8.2
Shields        | 2 7 11 14 | 14.1
Ice Magic      | 2 7 9 |  9.1
Long Blades    | 2 8 10 | 10.1

Action                   |  1- 3 |  4- 6 |  7- 9 | 10-12 | 13-15 | 16-18 || total
-------------------------+-------+-------+-------+-------+-------+-------++-------
Melee: Short sword       |    14 |       |       |       |       |       ||    14
       Unarmed           |     1 |       |       |       |       |       ||     1
       Dagger            |       |    27 |   332 |   833 |  1618 |       ||  2810
       Headbutt          |       |       |       |   252 |   578 |    63 ||   893
       Scimitar          |       |       |       |       |   616 |   256 ||   872
 Fire: Hunting sling     |    17 |    80 |       |       |       |       ||    97
Throw: Stone             |     8 |       |       |       |       |       ||     8
 Cast: Pain              |    34 |    38 |    60 |     9 |       |       ||   141
       Animate Skeleton  |     7 |    10 |    24 |    59 |    66 |     3 ||   169
       Vampiric Draining |     5 |    25 |    40 |   110 |   127 |    13 ||   320
       Control Undead    |       |       |    15 |       |     2 |     9 ||    26
       Agony             |       |       |       |    11 |    15 |       ||    26
       Animate Dead      |       |       |       |       |    31 |     4 ||    35
       Simulacrum        |       |       |       |       |     5 |     6 ||    11
Invok: Receive Corpses   |       |       |       |       |     4 |     4 ||     8
Evoke: Wand              |       |       |       |     5 |     5 |       ||    10
       Lamp of fire      |       |       |       |       |       |     1 ||     1
  Use: Potion            |       |     1 |     5 |       |     8 |     1 ||    15
       Scroll            |       |       |     7 |    15 |    16 |     3 ||    41
 Stab: Sleeping          |     2 |       |    10 |    16 |    19 |     4 ||    51
       Distracted        |       |       |     1 |     5 |    19 |       ||    25
       Invisible         |       |       |     4 |       |       |       ||     4
  Eat: Chunk             |     5 |     6 |    18 |     9 |    40 |     3 ||    81
       Fruit             |       |     3 |       |     3 |     9 |     6 ||    21
       Royal jelly       |       |       |     1 |     4 |     1 |     1 ||     7
       Bread ration      |       |       |       |     2 |     1 |       ||     3
Armor: Robe              |     9 |    12 |    45 |   101 |   274 |    50 ||   491
       Skin              |       |       |    19 |       |       |       ||    19
Dodge: Dodged            |    19 |    51 |   214 |   231 |  1072 |   155 ||  1742
Block: Shield            |       |       |       |   313 |  1513 |   173 ||  1999
       Reflection        |       |       |       |     2 |    40 |       ||    42
       Rpst.: Scimitar   |       |       |       |       |   115 |    36 ||   151

Table legend:
 A = Spawn XP
 B = Non-spawn XP
 C = Spawn XP percentage of total XP
 D = Spawn monster count
 E = Non-spawn monster count
 F = Spawn count percentage of total count
 G = Total turns spent on level
                    A         B        C        D         E        F      G
               +---------+---------+-------+---------+---------+-------+---------
         Total |   19968 |  130256 |  13.3 |      99 |     702 |  12.4 | 26458
               +---------+---------+-------+---------+---------+-------+---------
           D:1 |       4 |      13 |  23.5 |       3 |       8 |  27.3 |  1423
           D:2 |       7 |      93 |   7.0 |       5 |      21 |  19.2 |  1070
           D:3 |       3 |      49 |   5.8 |       2 |      18 |  10.0 |   697
           D:4 |      52 |     645 |   7.5 |       3 |      17 |  15.0 |   984
           D:5 |      13 |     588 |   2.2 |       1 |       8 |  11.1 |   674
           D:6 |       0 |     633 |   0.0 |       0 |      13 |   0.0 |   561
           D:7 |      18 |    1213 |   1.5 |       2 |      17 |  10.5 |  1022
           D:8 |      75 |     790 |   8.7 |       1 |      23 |   4.2 |  1046
           D:9 |    1494 |    3630 |  29.2 |       4 |      24 |  14.3 |  1968
          D:10 |     216 |    4341 |   4.7 |       7 |      21 |  25.0 |  1341
          D:11 |    1201 |    3055 |  28.2 |       4 |      28 |  12.5 |   793
          D:12 |       8 |    6041 |   0.1 |       6 |      35 |  14.6 |   610
          D:13 |     442 |    3984 |  10.0 |       1 |      19 |   5.0 |   454
        Lair:1 |     571 |    1801 |  24.1 |       2 |       8 |  20.0 |  1106
        Lair:2 |    1300 |    5202 |  20.0 |       7 |      22 |  24.1 |  1019
        Lair:3 |     338 |    8410 |   3.9 |       1 |      36 |   2.7 |  1195
        Lair:4 |     995 |    1415 |  41.3 |       6 |       7 |  46.2 |   946
        Lair:5 |    1117 |    7422 |  13.1 |       2 |      22 |   8.3 |  1189
        Lair:6 |    9040 |   26181 |  25.7 |      24 |     126 |  16.0 |  2252
       Swamp:1 |     909 |    8007 |  10.2 |       3 |      20 |  13.0 |  1030
       Swamp:2 |       0 |   11128 |   0.0 |       0 |      43 |   0.0 |   747
       Swamp:3 |       0 |    6456 |   0.0 |       0 |      25 |   0.0 |   541
         Orc:1 |     728 |    5934 |  10.9 |       1 |      35 |   2.8 |   988
         Orc:2 |    1437 |   12386 |  10.4 |      14 |      43 |  24.6 |  1216
           Lab |       0 |    3725 |   0.0 |       0 |      12 |   0.0 |   884
         IceCv |       0 |    7114 |   0.0 |       0 |      51 |   0.0 |   702
               +---------+---------+-------+---------+---------+-------+---------
